 Dungeon Crawl Stone Soup version 0.31-a0-750-gfe7b580527 (webtiles) character file.

Game seed: 9970899383475088772

9 cforsyth the Sneak (level 2, -2/25 HPs)
             Began as a Djinni Delver on Sept 14, 2023.
             Slain by a centaur (3 damage)
             ... on level 5 of the Dungeon.
             The game lasted 00:00:16 (33 turns).

cforsyth the Sneak (Djinni Delver)                    Turns: 33, Time: 00:00:16

Health: -2/25      AC:  3    Str: 11    XL:     2   Next: 25%
Gold:   0          EV: 12    Int: 11    God:
                   SH:  0    Dex: 14

rFire   + + .        a - +0 falchion
rCold   x . .        (no shield)
rNeg    . . .        b - +0 leather armour
rPois   ∞            (no helmet)
rElec   .            (no cloak)
rCorr   .            (no gloves)
SInv    .            (boots unavailable)
Will    .....        (no amulet)
Stlth   ++           (no ring)
HPRegen 0.24/turn    (no ring)
MPRegen 0.00/turn

%: infuse magic (-3 HP)
@: flying
A: sickness immunity, fire resistance 2, cold vulnerability 1, float, innate
caster, HP casting, extra vitality 1
a: no special abilities


You were on level 5 of the Dungeon.
You visited 1 branch of the dungeon, and saw 1 of its levels.

Inventory:

Hand Weapons
 a - a +0 falchion (weapon)
Armour
 b - a +0 leather armour (worn)
Wands
 g - a wand of digging (3)
Scrolls
 c - a scroll of fog
 d - a scroll of revelation
 e - a scroll of fear
Potions
 f - a potion of haste


   Skills:
 + Level 3.1 Fighting
 + Level 2.0 Long Blades
 + Level 2.4 Dodging
 + Level 4.2 Stealth You didn't know any spells. Your spell library was empty.

Dungeon Overview and Level Annotations

Branches:
Dungeon (5/15)
 Temple: D:4-7

Altars:

Shops:
D:5 (


Innate Abilities, Weirdness & Mutations

You are immune to sickness and miasma.
You are immune to poison.
Your flesh is very heat resistant. (rF++)
You are vulnerable to cold. (rC-)
You float through the air rather than walking.
You learn spells naturally, not from books.
Your magical power is your life essence.
You have superior vitality. (+4 MHP)


Message History

You have reached level 2! 2 orcs come into view.
The orc shouts!
An orc wizard comes into view. It is wielding a +0 dagger.
You see here a scroll of fog.
Found a scroll labelled KIMNIPP ASEI.
Found a jewelled gold wand.
A malevolent force fills the Dungeon... and a teleportation trap spontaneously manifests!
You are yanked towards some nearby monsters!
Your surroundings suddenly seem different.
A black bear and a centaur come into view.
Found 13 gold pieces.
Found a stone staircase leading up.
Unknown command.
Unknown command.
The centaur shouts!
The centaur hits you. The centaur closely misses you. The centaur hits you.
The centaur kicks you.
You hit the centaur.
The centaur is lightly wounded.
The centaur hits you. The centaur kicks you.
You closely miss the centaur.
The centaur is lightly wounded.
The centaur hits you. The centaur barely misses you.
The centaur hits you but does no damage.
The centaur kicks you but does no damage.
You hit the centaur.
The centaur is lightly wounded.
The centaur hits you.
* * * LOW HITPOINT WARNING * * *
The centaur closely misses you. The centaur barely misses you. x2
The centaur hits you.
* * * LOW HITPOINT WARNING * * *
The centaur barely misses you. The centaur hits you.
* * * LOW HITPOINT WARNING * * *
The centaur kicks you but does no damage.
The black bear bites you but does no damage.
The black bear misses you.
The black bear claws you but does no damage.
The centaur hits you.
You die...

######
###....#
#.......
##......
##....#
#.c...###..#
#@.........#
#...h.........
##.......$.8..
#............
###..........
###...#....
....#....
....# ...


You could see a black bear and a centaur.

Vanquished Creatures
  An adder (D:5)
1 creature vanquished.

Notes
Turn   | Place    | Note
-------+----------+-------------------------------------------
     0 | D:5      | cforsyth the Djinni Delver began the quest for the Orb.
     0 | D:5      | Reached XP level 1. HP: 20/20 MP: 0/0
     3 | D:5      | Found Wumyl's Weapon Shoppe.
    15 | D:5      | Reached XP level 2. HP: 24/25 MP: 0/0
    26 | D:5      | Noticed a black bear
    26 | D:5      | Noticed a centaur
    32 | D:5      | HP: 1/25 [centaur (1)]
    33 | D:5      | Slain by a centaur

Illustrated notes

Levels and vault maps discovered:
D:5:      layout_cave_pools, serial_column_ruins, column_ruins_grid_1,
          column_ruins_grid_1, column_ruins_columns_straight, serial_shops,
          nicolae_square_shop, nicolae_shop_window_shopping,
          nicolae_shop_pleasant_corner_grove, grunt_ministairs_15,
          nicolae_sextant

Skill      XL: |  1 |
---------------+----+-----
Long Blades    | 2 |  2.0
Fighting       | |  3.1
Dodging        | |  2.4
Stealth        | |  4.2

Action                     || total
---------------------------++-------
  Melee: Falchion          ||     9
 Armour: Leather armour    ||    18
  Dodge: Dodged            ||    14

Table legend: (Time is in decaauts)
 A = Elapsed time spent in this place.
 B = Non-inter-level travel time spent in this place.
 C = Inter-level travel time spent in this place.
 D = Time resting spent in this place.
 E = Time spent auto-exploring this place.
 F = Levels seen in this place.
 G = Mean time per level.
                   A        B        C        D        E       F      G
               +--------+--------+--------+--------+--------+-----+--------+
         Total |     35 |     35 |      0 |      0 |      2 |   1 |   35.0 |
       Dungeon |     35 |     35 |      0 |      0 |      2 |   1 |   35.0 |
               +--------+--------+--------+--------+--------+-----+--------+

Top non-repeatable levels by time:
     D:5: 35 daAuts
